 Dungeon Crawl Stone Soup version 0.21.1-1-g345015f (webtiles) character file.

81 Kagorn the Skirmisher (level 4, -2/29 HPs)
             Began as a Gargoyle Fighter on June 10, 2018.
             Slain by a bullfrog (6 damage)
             ... on level 2 of the Dungeon.
             The game lasted 00:06:24 (1677 turns).

Kagorn the Skirmisher (Gargoyle Fighter)            Turns: 1677, Time: 00:06:24

Health: -2/29      AC: 14    Str: 25    XL:     4   Next: 40%
Magic:  4/4        EV:  8    Int:  8    God:
Gold:   89         SH:  9    Dex: 10    Spells: 3/3 levels left

rFire    . . .     SeeInvis .   a - +0 flail
rCold    . . .     Gourm    .   c - +0 shield
rNeg     + . .     Faith    .   b - +0 scale mail
rPois    ∞         Spirit   .   h - +0 helmet
rElec    +         Reflect  .   (no cloak)
rCorr    .         Harm     .   n - +0 pair of gloves
MR       .....                  p - +0 pair of boots
Stlth    ..........             (no amulet)
HPRegen  0.09/turn              (no ring)
MPRegen  0.09/turn              (no ring)

@: mighty
A: negative energy resistance 1, electricity resistance, unbreathing,
petrification resistance, rot immunity, AC +3
a: no special abilities


You were on level 2 of the Dungeon.
You were not hungry.

You visited 1 branch of the dungeon, and saw 2 of its levels.

You collected 89 gold pieces.

Inventory:

Hand Weapons
 a - a +0 flail (weapon)
Armour
 b - a +0 scale mail (worn)
 c - a +0 shield (worn)
 h - a +0 helmet (worn)
 n - a +0 pair of gloves (worn)
 p - a +0 pair of boots (worn)
Scrolls
 g - 5 scrolls of identify {unknown}
 i - 3 scrolls of remove curse {unknown}
 k - a scroll of enchant armour {unknown}
 l - a scroll of immolation {unknown}
 o - a scroll of amnesia {unknown}
Potions
 d - 3 potions of might
 j - a potion of resistance {unknown}
 m - a potion of cancellation {unknown}
Comestibles
 f - 5 rations


   Skills:
 * Level 4.1 Fighting
 + Level 2.4 Maces & Flails
 + Level 3.8 Armour
 + Level 0.8 Dodging
 + Level 1.2 Stealth
 + Level 3.7 Shields


You had 3 spell levels left.
You didn't know any spells.

Dungeon Overview and Level Annotations

Branches:
Dungeon (2/15)

Altars:


Innate Abilities, Weirdness & Mutations

You are resistant to torment.
Your stone body is resilient. (AC +3)
You are immune to poison.
You resist negative energy. (rN+)
You are resistant to electric shocks. (rElec)
You can survive without breathing.
You are immune to petrification.
You are immune to rotting.


Message History

You block the bullfrog's attack. The bullfrog hits you.
You completely miss the bullfrog.
The bullfrog is severely wounded.
The bullfrog hits you.
* * * LOW HITPOINT WARNING * * *
You block the bullfrog's attack.
You feel very mighty all of a sudden. The bullfrog barely misses you.
You miss the bullfrog.
The bullfrog is severely wounded.
You block the bullfrog's attack.
The bullfrog hits you but does no damage.
You closely miss the bullfrog.
The bullfrog is severely wounded.
The bullfrog barely misses you. The bullfrog hits you.
* * * LOW HITPOINT WARNING * * *
You closely miss the bullfrog.
The bullfrog is severely wounded.
The bullfrog hits you.
You die...

#.......#.########
#(.>.#.##...
#....#.##.....
#.#.##.##.......
..#.#...........
###.#..###..)...
....)...........
###.#################.####
#...............@F........
#..##################.####
#....#.......####
#.##.#.##.......#
#.......<.#.....#
#########.#.....#
.....#....#.....#
####.##.###..†..# .#
#.##.# #.....#


You could see a bullfrog.

Vanquished Creatures
  3 adders (D:2)
  2 oozes
  2 dart slugs
  2 leopard geckos
  2 giant cockroaches
  3 goblins
  5 hobgoblins
  A jackal (D:2)
  A quokka (D:2)
  A ball python (D:1)
  3 bats
  2 frilled lizards
  6 kobolds
  9 rats
42 creatures vanquished.

Notes
Turn   | Place    | Note
-------+----------+-------------------------------------------
     0 | D:1      | Kagorn the Gargoyle Fighter began the quest for the Orb.
     0 | D:1      | Reached XP level 1. HP: 14/14 MP: 1/1
   148 | D:1      | Reached XP level 2. HP: 19/19 MP: 2/2
   634 | D:1      | Reached XP level 3. HP: 22/24 MP: 3/3
  1242 | D:2      | Reached skill level 1 in Stealth
  1316 | D:2      | Reached skill level 4 in Fighting
  1316 | D:2      | Reached XP level 4. HP: 15/29 MP: 4/4
  1653 | D:2      | Noticed a bullfrog
  1677 | D:2      | Slain by a bullfrog

Skill      XL: |  1  2  3 |
---------------+----------+-----
Stealth        | 1 |  1.2
Fighting       | 4 |  4.1
Maces & Flails | |  2.4
Armour         | |  3.8
Dodging        | |  0.8
Shields        | |  3.7

Action                   |  1- 3 |  4- 6 || total
-------------------------+-------+-------++-------
Melee: Flail             |   151 |    50 ||   201
  Use: Potion            |       |     1 ||     1
  Eat: Ration            |     1 |       ||     1
Armor: Scale mail        |    86 |    26 ||   112
Dodge: Dodged            |    43 |    15 ||    58
Block: Shield            |    91 |    24 ||   115
